 Dungeon Crawl Stone Soup version 0.31-a0-1-g4198be8af4 (webtiles) character file.

Game seed: 9201792503558986973

33437 LobsterGuardian the Fighter (level 13, -19/135 HPs)
             Began as a Troll Brigand on May 1, 2023.
             Was the Champion of Dithmenos.
             Killed from afar by a lindwurm (33 damage)
             ... with a blast of flame
             ... on level 5 of the Lair of Beasts on May 2, 2023.
             The game lasted 00:47:02 (14251 turns).

LobsterGuardian the Fighter (Troll Brigand)        Turns: 14251, Time: 00:47:03

Health: -19/135    AC: 12    Str: 23    XL:     13   Next: 36%
Magic:  12/12      EV: 15    Int:  6    God:    Dithmenos [******]
Gold:   892        SH:  0    Dex: 17    Spells: 12/12 levels left

rFire   . . .        z - +8 dagger (drain)
rCold   . . .        (no shield)
rNeg    . . .        w - +0 troll leather armour
rPois   .            (helmet restricted)
rElec   .            e - +1 cloak
rCorr   +            (gloves unavailable)
SInv    .            (boots unavailable)
Will    +....        i - amulet of regeneration
Stlth   +++++        K - ring of willpower
HPRegen 2.82/turn    C - ring of resist corrosion
MPRegen 0.13/turn

%: no passive effects
@: mighty, wreathed by umbra
A: large, unfitting armour, claws 3, regeneration 1, shaggy fur 2, tough skin 1,
iridescent scales 1, agile 1, noise suppression
a: Renounce Religion, Shadow Step, Shadow Form


You were on level 5 of the Lair of Beasts.
You worshipped Dithmenos.
Dithmenos was exalted by your worship.
You visited 2 branches of the dungeon, and saw 14 of its levels.

You collected 892 gold pieces.

Inventory:

Hand Weapons
 z - a +8 dagger of draining (weapon)
 D - a +4 short sword of flaming
Missiles
 d - 12 poisoned darts (quivered)
 g - 3 atropa-tipped darts
Armour
 e - a +1 cloak (worn)
 w - a +0 troll leather armour (worn)
Jewellery
 i - an amulet of regeneration (around neck)
 C - a ring of resist corrosion (right claw)
 K - a ring of willpower (left claw)
Wands
 a - a wand of digging (2)
 b - a wand of flame (16)
 j - a wand of roots (6)
 n - a wand of polymorph (4)
 y - a wand of paralysis (19)
 A - a wand of mindburst (8)
 I - a wand of quicksilver (5)
Scrolls
 c - a scroll of amnesia
 h - 2 scrolls of fog
 m - 2 scrolls of magic mapping
 s - a scroll of identify
 u - a scroll of immolation {unknown}
 v - 4 scrolls of vulnerability
 x - a scroll of poison
 F - 3 scrolls of enchant armour
 G - a scroll of silence
Potions
 f - 2 potions of brilliance
 l - 3 potions of mutation
 o - 4 potions of attraction
 p - 2 potions of resistance
 r - a potion of cancellation
 t - 4 potions of lignification
 H - 3 potions of flight


   Skills:
 * Level 10.7 Fighting
 - Level 10.0 Short Blades
 - Level 1.7 Throwing
 + Level 4.9 Armour
 + Level 10.1 Dodging
 + Level 6.1 Stealth


You had 12 spell levels left.
You didn't know any spells.
Your spell library contained the following spells:

 Spells                   Type           Power      Damage    Failure   Level
 Magic Dart               Conj           0%         1d3       50%         1
 Sandblast                Erth           0%         2d4       50%         1
 Shock                    Conj/Air       0%         1d3       50%         1
 Slow                     Hex            0%         N/A       50%         1
 Passwall                 Tmut/Erth      0%         N/A       63%         2
 Searing Ray              Conj           0%         2d4       63%         2
 Sublimation of Blood     Necr           0%         N/A       63%         2
 Wereblood                Tmut           0%         N/A       63%         2
 Confusing Touch          Hex            0%         N/A       86%         3
 Stone Arrow              Conj/Erth      0%         3d7       86%         3
 Swiftness                Air            0%         N/A       86%         3
 Vampiric Draining        Necr           0%         2d6       86%         3
 Airstrike                Air            0%         2d(0-16)  99%         4
 Fulminant Prism          Conj/Hex       0%         3d5       99%         4
 Alistair's Intoxication  Tmut/Pois      0%         N/A       100%        5
 Blade Hands              Tmut           0%         N/A       100%        5
 Borgnjor's Vile Clutch   Necr/Erth      0%         N/A       100%        5
 Irradiate                Conj/Tmut      0%         3d11      100%        5
 Eringya's Noxious Bog    Tmut/Pois      0%         N/A       100%        6
 Dragon Form              Tmut           0%         N/A       100%        7
 Summon Hydra             Summ           0%         N/A       100%        7


Dungeon Overview and Level Annotations

Branches:
Dungeon (9/15)             Temple (0/1) D:4            Lair (5/5) D:8
  Swamp (0/4) Lair:3       Spider (0/4) Lair:2        Slime (0/5) Lair:4
    Orc: D:9-12

Altars:
Ashenzari
Dithmenos
Hepliaklqana
Sif Muna
Uskayaw
Xom
Zin

Shops:
D:4 ?   D:5 [   D:8 =

Annotations:
D:6 2 transporters, dracfodder's ghost, novice DrCj
Lair:2 3 runed translucent doors, Voruise's ghost, journeyman DsDe


Innate Abilities, Weirdness & Mutations

You are too large for most types of armour.
You have claws for hands.
Your natural rate of healing is unusually fast.
You are covered in thick fur. (AC +2)
You have tough skin. (AC +1)
You are partially covered in iridescent scales. (AC +2)
You are agile. (Dex +4, Str/Int -1)
You passively dampen the noise of your surroundings.


Message History

Press: ? - help, Q - select action, (/) - cycle Shift-Dir - straight line, f - lindwurm
Aim: a lindwurm (moderately wounded, lightly drained, umbra, 78% to hit)
Okay, then.
Throw: 14 darts (poison)
Press: ? - help, Q - select action, (/) - cycle Shift-Dir - straight line, f - lindwurm
Aim: a lindwurm (moderately wounded, lightly drained, umbra, 78% to hit)
You throw a poisoned dart. The poisoned dart hits the lindwurm.
The lindwurm is poisoned.
The lindwurm is moderately wounded.
The lindwurm breathes flames at you. The blast of flame hits you!
* * * LOW HITPOINT WARNING * * *
You feel better.
Throw: 13 darts (poison)
Press: ? - help, Q - select action, (/) - cycle Shift-Dir - straight line, f/p - lindwurm
Aim: a lindwurm (moderately wounded, lightly drained, umbra, 78% to hit)
You throw a poisoned dart. The poisoned dart hits the lindwurm.
The lindwurm is poisoned.
The lindwurm is moderately wounded.
The lindwurm breathes flames at you. The blast of flame hits you!!
* * * LOW HITPOINT WARNING * * *
You feel better.
You feel very mighty all of a sudden.
The death yak bellows!
You hit the death yak.
The death yak is lightly wounded.
You puncture the death yak!
The death yak is moderately wounded.
Your shadow hits the death yak but does no damage.
The lindwurm breathes flames at you. The blast of flame hits you!!
* * * LOW HITPOINT WARNING * * *
The death yak gores you but does no damage.
Okay, then.
You fail to use your ability.
The death yak gores you!!
* * * LOW HITPOINT WARNING * * *
The lindwurm breathes flames at you. The blast of flame hits you!!
You die...

.................
..Y.................
...................##
....................#
....................#
...................#
....[.(............#
...................##
................@..P#
................Y..##
..................##
.............Y...##
...........(##..P#
..........#k.k...#
..............Y...#
..........k.##..###
.......#...Y..###


You could see 3 death yaks and a lindwurm (poisoned, catching breath, drained).

Vanquished Creatures
  Kirke (Lair:3)
  2 catoblepae
  7 death yaks
  Urug (Lair:3)
  Nergalle (Lair:2)
  3 skysharks (Lair:3)
  A lindwurm (Lair:5)
  A cyclops (D:8)
  6 elephants
  2 black mambas (Lair:5)
  A torpor snail (Lair:3)
  6 cane toads
  5 rime drakes
  A komodo dragon (Lair:2)
  A kobold demonologist (D:9)
  A troll (D:9)
  3 hornets (Lair:5)
  2 polar bears
  4 blink frogs (Lair:4)
  7 dream sheep
  15 wyverns
  23 yaks
  3 basilisks
  3 hogs (Lair:2)
  A redback (Lair:5)
  Eustachio (D:4)
  Menkaure (D:4)
  An acid dragon (D:8)
  20 water moccasins
  Duvessa (D:7)
  3 ice beasts (D:6)
  An ogre (D:6)
  8 wolves
  3 black bears
  3 centaurs
  4 phantoms
  Blork the orc (D:4)
  A kobold brigand (D:9)
  2 gnoll sergeants
  10 bullfrogs
  7 scorpions
  8 wights
  Dowan (D:7)
  2 howler monkeys (D:7)
  2 hounds
  5 jellies
  9 orc priests
  Crazy Yiuf (D:4)
  2 gnoll boudas
  4 iguanas
  17 orc wizards
  Robin (D:4)
  10 adders
  25 gnolls
  A shadow imp (D:6)
  3 white imps
  2 ufetubi
  2 worms (D:2)
  3 dart slugs
  40 orcs
  7 ball pythons
  7 endoplasms
  3 giant cockroaches
  14 goblins
  6 hobgoblins
  3 jackals
  5 quokkas
  2 bats
  3 frilled lizards
  5 kobolds
  2 rats (D:3)
363 creatures vanquished.

Vanquished Creatures (others)
  3 humans (Lair:3)
  2 orc wizards
  A gnoll (D:4)
  60 fungi
  60 plants
126 creatures vanquished.

Grand Total: 489 creatures vanquished

Notes
Turn   | Place    | Note
-------+----------+-------------------------------------------
     0 | D:1      | LobsterGuardian the Troll Brigand began the quest for the
                  | Orb.
     0 | D:1      | Reached XP level 1. HP: 19/19 MP: 0/0
   425 | D:1      | Reached XP level 2. HP: 28/28 MP: 1/1
  1214 | D:2      | Reached XP level 3. HP: 35/35 MP: 2/2
  1898 | D:3      | Reached XP level 4. HP: 42/42 MP: 3/3
  1934 | D:3      | Found a shadowy altar of Dithmenos.
  1945 | D:3      | Found a broken altar of Ashenzari.
  1964 | D:3      | Became a worshipper of Dithmenos the Shadowed
  2006 | D:3      | Reached XP level 5. HP: 44/50 MP: 4/4
  2287 | D:3      | Found a faded altar of an unknown god.
  2613 | D:4      | Noticed Menkaure
  2633 | D:4      | Killed Menkaure
  2634 | D:4      | Reached XP level 6. HP: 41/61 MP: 5/5
  2658 | D:4      | Noticed Blork the orc
  2679 | D:4      | Killed Blork the orc
  2770 | D:4      | Found a staircase to the Ecumenical Temple.
  2803 | D:4      | Gained mutation: You are weak. (Str -2) [potion of
                  | mutation]
  2803 | D:4      | Gained mutation: Your flesh is heat resistant. (rF+)
                  | [potion of mutation]
  2804 | D:4      | Lost mutation: You are weak. (Str -2) [potion of mutation]
  2804 | D:4      | Lost mutation: Your flesh is heat resistant. (rF+) [potion
                  | of mutation]
  2804 | D:4      | Gained mutation: You are partially covered in iridescent
                  | scales. (AC +2) [potion of mutation]
  2804 | D:4      | Gained mutation: You passively dampen the noise of your
                  | surroundings. [potion of mutation]
  2804 | D:4      | Gained mutation: You are covered in thick fur. (AC +2)
                  | [potion of mutation]
  2804 | D:4      | Gained mutation: You are agile. (Dex +4, Str/Int -1)
                  | [potion of mutation]
  2853 | D:4      | Reached * piety under Dithmenos
  2914 | D:4      | Noticed Robin
  2982 | D:4      | Killed Robin
  2983 | D:4      | Reached XP level 7. HP: 70/70 MP: 6/6
  3433 | D:4      | Noticed Eustachio
  3630 | D:4      | Found Maur's Magic Scroll Shop.
  3692 | D:4      | Found a runed translucent door.
  3693 | D:4      | Noticed Crazy Yiuf
  3738 | D:4      | Killed Eustachio
  3884 | D:4      | Killed Crazy Yiuf
  3885 | D:4      | Reached skill level 5 in Fighting
  4053 | D:5      | Entered Level 5 of the Dungeon
  4071 | D:5      | Reached ** piety under Dithmenos
  4242 | D:4      | Reached XP level 8. HP: 79/83 MP: 7/7
  4434 | D:5      | Found Zochoyda's Armour Emporium.
  4620 | D:5      | Reached skill level 1 in Dodging
  5217 | D:6      | Found a shimmering altar of Xom.
  5357 | D:6      | Reached XP level 9. HP: 74/93 MP: 8/8
  5448 | D:6      | Reached *** piety under Dithmenos
  5498 | D:6      | Reached skill level 5 in Stealth
  5826 | D:6      | Found a shimmering blue altar of Sif Muna.
  5946 | D:6      | Noticed dracfodder's ghost (novice DrCj)
  5953 | D:6      | Found a transporter.
  5958 | D:6      | Found a transporter.
  6171 | D:7      | Noticed Duvessa
  6171 | D:7      | Noticed Dowan
  6182 | D:7      | Killed Duvessa
  6183 | D:7      | Killed Dowan
  6184 | D:7      | Reached skill level 5 in Dodging
  6952 | D:7      | Reached **** piety under Dithmenos
  7299 | D:8      | Noticed a cyclops
  7312 | D:8      | HP: 4/96 [cyclops (25)]
  7420 | D:8      | Killed a cyclops
  7421 | D:8      | Reached XP level 10. HP: 74/104 MP: 9/9
  7512 | D:8      | Found a staircase to the Lair.
  7859 | D:8      | Found a glowing silver altar of Zin.
  7974 | D:8      | Found a hide-covered altar of Uskayaw.
  7979 | D:8      | Found Tawn's Jewellery Emporium.
  8538 | D:9      | Found a hazy altar of Hepliaklqana.
  8538 | D:9      | Found a faded altar of an unknown god.
  8650 | D:9      | Reached skill level 5 in Short Blades
  8892 | D:9      | Noticed a boulder beetle
  8892 | D:9      | Noticed a rakshasa
  8944 | Lair:1   | Entered Level 1 of the Lair of Beasts
  8982 | Lair:1   | Reached ***** piety under Dithmenos
  8995 | Lair:1   | Reached XP level 11. HP: 113/113 MP: 10/10
  9664 | Lair:2   | Noticed Voruise's ghost (journeyman DsDe)
  9667 | Lair:2   | Noticed a minotaur
  9679 | Lair:2   | Noticed Nergalle
  9702 | Lair:2   | Killed Nergalle
  9752 | Lair:2   | Noticed a death yak
  9753 | Lair:2   | Noticed a death yak
  9753 | Lair:2   | Noticed a death yak
  9754 | Lair:2   | Noticed a death yak
  9755 | Lair:2   | Noticed a death yak
  9793 | Lair:1   | Killed a death yak
  9811 | Lair:2   | Noticed a death yak
  9839 | Lair:1   | Killed a death yak
  9840 | Lair:1   | Reached skill level 1 in Armour
  9907 | Lair:1   | Killed a death yak
 10017 | Lair:2   | Found a hole to the Spider Nest.
 10230 | Lair:2   | Killed a death yak
 10279 | Lair:2   | Found a runed translucent gate.
 10279 | Lair:2   | Found a runed translucent gate.
 10279 | Lair:2   | Found a runed translucent gate.
 10822 | Lair:3   | Noticed Kirke
 10910 | Lair:3   | Killed Kirke
 11116 | Lair:3   | Noticed a skyshark
 11133 | Lair:3   | Killed a skyshark
 11134 | Lair:3   | Reached XP level 12. HP: 123/123 MP: 11/11
 11154 | Lair:3   | Noticed Urug
 11361 | Lair:3   | Found a staircase to the Swamp.
 11797 | Lair:3   | Paralysed by Urug for 4 turns
 11804 | Lair:3   | Killed Urug
 12407 | Lair:1   | Killed a death yak
 12521 | Lair:1   | Killed a death yak
 12761 | Lair:4   | Noticed a catoblepas
 12763 | Lair:4   | Found a staircase to the Slime Pits.
 12781 | Lair:4   | Killed a catoblepas
 13044 | Lair:4   | Reached skill level 10 in Fighting
 13376 | Lair:5   | Entered Level 5 of the Lair of Beasts
 13376 | Lair:5   | Noticed a catoblepas
 13472 | Lair:5   | Reached XP level 13. HP: 97/133 MP: 12/12
 13652 | Lair:5   | Reached skill level 10 in Short Blades
 13824 | Lair:5   | Paralysed by a hornet for 3 turns
 14056 | Lair:5   | Reached skill level 10 in Dodging
 14196 | Lair:5   | Reached ****** piety under Dithmenos
 14251 | Lair:5   | Killed from afar by a lindwurm

Illustrated notes

Levels and vault maps discovered:
D:1:      dpeg_arrival_tiny_k, layout_loops_corners, minmay_door_square,
          corner_web_ring
D:2:      layout_basic, wander_ebering_terrifying_dragon_lair
D:3:      layout_loops_ring, minitemple, hellmonk_ecumenical_altar_inner_sanctum
D:4:      layout_basic, minmay_temple_entry_arrows, serial_shops, shop,
          uniq_menkaure, uniq_crazy_yiuf_cottage, uniq_eustachio,
          uniq_blork_the_orc, uniq_robin
D:5:      layout_loops_cross, serial_shops, nicolae_shop_rolling_square,
          kennysheep_crisscross, minmay_quadrilaterals
D:6:      layout_loops_ring, xom_teletrap_fun, tgw_sif, gammafunk_ghost_hive,
          minmay_increasing_density
D:7:      layout_basic, uniq_duvessa
D:8:      layout_basic, overflow_temple_1_default,
          mainiacjoe_overflow_small_starburst, due_lair_maze_entry_diamond,
          serial_shops, shop
D:9:      minmay_the_grid_triangle_9x9_rhombus_full
          [minmay_the_grid_triangle_9x9_pentomino_pain,
          minmay_the_grid_triangle_9x9_from_above,
          minmay_the_grid_triangle_9x9_windchime,
          minmay_the_grid_triangle_9x9_warning,
          minmay_the_grid_triangle_9x9_sprig,
          minmay_the_grid_triangle_9x9_swiss_cheese,
          minmay_the_grid_triangle_9x9_limited_checkers,
          minmay_the_grid_triangle_9x9_prize_schism], layout_gridville,
          beargit_hepliaklqana_dungeon_heroes, serial_shops,
          nicolae_shop_crystal, st_stairs_11
Lair:1:   layout_regular_city
Lair:2:   layout_regular_city, spider_nest_entry_web_field,
          maelrawn_ghost_gauntlet_escape, minmay_hedge_maze,
          serial_bayou_shore_b, serial_bayou_shore_a, uniq_nergalle
Lair:3:   layout_cellular_growth, swamp_mist, st_stairs_8, uniq_urug, uniq_kirke
Lair:4:   layout_hall_layers, nicolae_slime_entry_field_trip
Lair:5:   wormcave, layout_cave_shapes, hangedman_lair_tendril_chambers

Skill      XL: |  1  2  3  4  5  6  7  8  9 10 11 12 13 |
---------------+----------------------------------------+-----
Fighting       | 2 3 4 5 7 8 9 10 | 10.7
Stealth        | 3 4 5 6 |  6.1
Dodging        | 2 6 7 8 9 10 | 10.1
Short Blades   | 2 6 8 9 10 | 10.0
Armour         | 3 4 |  4.9
Throwing       | |  1.7

Action                     |  1- 3 |  4- 6 |  7- 9 | 10-12 | 13-15 || total
---------------------------+-------+-------+-------+-------+-------++-------
  Melee: Dagger            |   109 |   210 |   992 |  1153 |   232 ||  2696
         Punch             |       |     2 |    17 |    24 |     3 ||    46
         Short sword       |       |       |       |    29 |       ||    29
  Throw: Dart              |    17 |    26 |   106 |   129 |    25 ||   303
         Throwing net      |       |       |     1 |       |       ||     1
 Invoke: Shadow Step       |       |       |     1 |       |       ||     1
  Evoke: Wand              |       |       |     6 |     6 |       ||    12
    Use: Scroll            |     5 |     3 |     8 |    16 |     2 ||    34
         Potion            |       |     5 |     8 |     4 |     4 ||    21
   Stab: Sleeping          |     8 |     6 |    22 |    16 |     3 ||    55
         Invisible         |       |       |     2 |       |       ||     2
         Distracted        |       |       |     2 |     1 |       ||     3
         Paralysed         |       |       |       |     3 |       ||     3
         Petrified         |       |       |       |       |     3 ||     3
         Petrifying        |       |       |       |       |     1 ||     1
 Armour: Robe              |    46 |   119 |   567 |   196 |       ||   928
         Skin              |       |    38 |       |    20 |       ||    58
         Troll leather arm |       |       |       |   210 |    84 ||   294
  Dodge: Dodged            |    47 |   126 |   670 |   821 |   174 ||  1838

Table legend: (Time is in decaauts)
 A = Elapsed time spent in this place.
 B = Non-inter-level travel time spent in this place.
 C = Inter-level travel time spent in this place.
 D = Time resting spent in this place.
 E = Time spent auto-exploring this place.
 F = Levels seen in this place.
 G = Mean time per level.
                   A        B        C        D        E       F      G
               +--------+--------+--------+--------+--------+-----+--------+
         Total |  13644 |  13003 |    641 |      9 |   8839 |  14 |  974.6 |
       Dungeon |   8729 |   8421 |    308 |      9 |   5527 |   9 |  969.9 |
          Lair |   4914 |   4582 |    332 |      0 |   3312 |   5 |  982.8 |
               +--------+--------+--------+--------+--------+-----+--------+

Top non-repeatable levels by time:
     D:4: 1499 daAuts
  Lair:3: 1401 daAuts
     D:8: 1121 daAuts
     D:6: 1039 daAuts
     D:7: 1017 daAuts
  Lair:1: 983 daAuts
  Lair:2: 970 daAuts
     D:5: 943 daAuts
     D:2: 937 daAuts
     D:1: 906 daAuts
  Lair:4: 824 daAuts
     D:3: 760 daAuts
  Lair:5: 734 daAuts
     D:9: 503 daAuts
